 Dungeon Crawl Stone Soup version 0.29.1-15-g9cfb28693d (webtiles) character file.

Game seed: 13135345754305922919

5 BabyfaceFinlayson the Insei (level 1, 0/13 HPs)
             Began as an Octopode Transmuter on Feb 26, 2023.
             Slain by a goblin
             ... wielding a +0 club
              (4 damage)
             ... on level 1 of the Dungeon.
             The game lasted 00:01:12 (287 turns).

BabyfaceFinlayson the Insei (Octopode Transmuter)    Turns: 287, Time: 00:01:12

Health: 0/13       AC:  1    Str:  9    XL:     1   Next: 80%
Magic:  1/3        EV: 13    Int: 15    God:
Gold:   20         SH:  0    Dex: 12    Spells: 3/4 levels left

rFire   . . .      SeeInvis .   c - staff of conjuration
rCold   . . .      Faith    .   (no shield)
rNeg    . . .      Spirit   .   (helmet currently unavailable)
rPois   .          Reflect  .   (no amulet)
rElec   .          Harm     .   (no ring)
rCorr   .          Rampage  .   (no ring)
Will    .....                   (no ring)
Stlth   ++........              (no ring)
HPRegen 0.04/turn               (no ring)
MPRegen 0.08/turn               (no ring)
                                (no ring)
                                (no ring)

@: appendages
A: tentacle spike 3, almost no armour, amphibious, 8 rings, camouflage 1,
gelatinous body 1, (nimble swimmer 1), tentacles
a: End Transformation


You were on level 1 of the Dungeon.
One of your tentacles had grown a beastly spike.
You visited 1 branch of the dungeon, and saw 1 of its levels.

You collected 20 gold pieces.

Inventory:

Magical Staves
 c - a staff of conjuration (weapon)
Scrolls
 d - a scroll of silence {unknown}
 e - a scroll of identify {unknown}
Potions
 a - a potion of lignification
 b - a potion of curing {unknown}


   Skills:
 + Level 1.0 Fighting
 + Level 2.0 Dodging
 + Level 3.3 Unarmed Combat
 + Level 2.0 Spellcasting
 + Level 2.0 Transmutations


You had 3 spell levels left.
You knew the following spells:

 Your Spells              Type           Power      Damage    Failure   Level
a - Beastly Appendage     Tmut           14%        N/A       10%         1

Your spell library contained the following spells:

 Spells                   Type           Power      Damage    Failure   Level
 Wereblood                Tmut           7%         N/A       14%         2
 Spider Form              Tmut/Pois      4%         N/A       41%         3
 Gell's Gravitas          Tloc           1%         N/A       54%         3
 Lesser Beckoning         Tloc           1%         N/A       54%         3
 Teleport Other           Tloc           1%         N/A       54%         3
 Ice Form                 Ice/Tmut       4%         N/A       82%         4


Dungeon Overview and Level Annotations

Branches:
Dungeon (1/15)

Altars:

Shops:
D:1 *


Innate Abilities, Weirdness & Mutations

One of your tentacles has grown a beastly spike.
You cannot wear most types of armour.
You are amphibious.
You can wear up to eight rings at the same time.
Your skin changes colour to match your surroundings (Stealth+).
Your rubbery body absorbs attacks. (AC +1, EV +1)
((You are camouflaged when in or above water. (Stealth+)))
You have tentacles for arms and can constrict up to eight enemies at once.


Message History

The endoplasm is almost dead.
The endoplasm hits you.
You hit the endoplasm but do no damage.
You pierce the endoplasm.
You kill the endoplasm!
Your tentacle spike disappears.
A bat comes into view.
A bat is nearby!
A hobgoblin comes into view.
A goblin comes into view. It is wielding a +0 club.
The goblin shouts!
A giant cockroach comes into view.
A ball python comes into view.
Casting: Beastly Appendage (safe; 10% risk of failure)
Confirm with . or Enter, or press ? or * to list all spells.
One of your tentacles grows a vicious spike.
The hobgoblin shouts!
The ball python hisses angrily.
The bat closely misses you. The bat hits you but does no damage.
You closely miss the bat. Your grab misses the bat.
You pierce the bat.
You kill the bat!
Your transformation is almost over.
You hit the goblin but do no damage. Your grab misses the goblin.
Your tentacle spike misses the goblin.
The goblin misses you. The giant cockroach bites you.
A dart slug comes into view.
You closely miss the goblin. Your grab misses the goblin.
You pierce the goblin.
The goblin is moderately wounded.
The giant cockroach bites you. The goblin hits you with a +0 club.
The giant cockroach misses you. The goblin closely misses you.
The giant cockroach attacks as you move away!
The giant cockroach bites you but does no damage.
Casting: Beastly Appendage (safe; 10% risk of failure)
Confirm with . or Enter, or press ? or * to list all spells.
You extend your transformation's duration.
The giant cockroach bites you. The goblin hits you with a +0 club.
You hit the giant cockroach but do no damage.
Your grab misses the giant cockroach.
Your tentacle spike misses the giant cockroach.
The giant cockroach closely misses you. The goblin hits you with a +0 club.
You die...

..#.####.# #..
......#.######..
..#.##...........
...#######.##.####......
................##.#....
######......##....#....
#......###..##.#.##....
##..#..# #..#....##....
#...#.@# ##.#.##....>..
#####gB####...####.#...
#.gS†)..... ..#...
###........ # #........
#..w..... .........
......... #.....#+.


You could see a dart slug, a giant cockroach, a hobgoblin, a goblin and a ball
python.

Vanquished Creatures
  2 bats (D:1)
  2 endoplasms (D:1)
  A ball python (D:1)
5 creatures vanquished.

Notes
Turn   | Place    | Note
-------+----------+-------------------------------------------
     0 | D:1      | BabyfaceFinlayson the Octopode Transmuter began the quest
                  | for the Orb.
     0 | D:1      | Reached XP level 1. HP: 13/13 MP: 3/3
    91 | D:1      | Found Qyub's General Store.
   287 | D:1      | Slain by a goblin

Illustrated notes

Levels and vault maps discovered:
D:1:      dpeg_arrival_shelter, layout_basic, serial_shops,
          nicolae_shop_statue_plus, nicolae_shop_waterfront,
          nicolae_shop_temple_entry_statues_fountains, shop,
          nicolae_shop_hallway_plus, minmay_hexomino_p4

Action                   || total
-------------------------++-------
Melee: Staff             ||    10
       Kick              ||     7
       Unarmed           ||     4
       Constrict         ||     1
       Tentacles         ||     1
 Cast: Beastly Appendage ||     6
 Stab: Sleeping          ||     1
Armor: Skin              ||     3
Dodge: Dodged            ||    11
